 Dungeon Crawl Stone Soup version 0.26.1-2-gb8aa6d0 (webtiles) character file.

Game seed: 10240286121385905601

57 AmazingTV the Skirmisher (level 3, 0/34 HPs)
             Began as a Minotaur Berserker on June 4, 2021.
             Was a Believer of Trog.
             Slain by a worm (2 damage)
             ... on level 3 of the Dungeon.
             The game lasted 00:09:38 (2204 turns).

AmazingTV the Skirmisher (Minotaur Berserker)       Turns: 2204, Time: 00:09:38

Health: 0/34       AC:  2    Str: 21    XL:     3   Next: 73%
Magic:  2/2        EV: 12    Int:  5    God:    Trog [**....]
Gold:   62         SH:  0    Dex:  9    Spells: 2/2 levels left

rFire    . . .     SeeInvis .   a - +0 mace
rCold    . . .     Faith    .   (no shield)
rNeg     . . .     Spirit   .   b - +0 animal skin
rPois    .         Reflect  .   (helmet restricted)
rElec    .         Harm     .   (no cloak)
rCorr    .         Rampage  .   (no gloves)
Will     .....                  (no boots)
Stlth    +.........             (no amulet)
HPRegen  0.11/turn              (no ring)
MPRegen  0.08/turn              (no ring)

@: lethally poisoned (0 -> -1), berserk cooldown, slowed, very slow
A: retaliatory headbutt, horns 2
a: Renounce Religion, Berserk, Trog's Hand


You were on level 3 of the Dungeon.
You worshipped Trog.
Trog was pleased with you.
You visited 1 branch of the dungeon, and saw 3 of its levels.

You collected 62 gold pieces.

Inventory:

Hand Weapons
 a - a +0 mace (weapon)
Missiles
 c - 60 stones (quivered)
 e - 20 poisoned darts
 l - 42 arrows
Armour
 b - a +0 animal skin (worn)
 m - a +0 ring mail
 o - a +0 leather armour
 r - a +0 leather armour
 t - a +0 ring mail
Scrolls
 d - 2 scrolls of amnesia {unknown}
 h - a scroll of identify {unknown}
 i - 2 scrolls of enchant armour {unknown}
 k - a scroll of magic mapping {unknown}
 n - a scroll of teleportation {unknown}
 p - a scroll of remove curse {unknown}
Potions
 f - a potion of brilliance {unknown}
 g - 2 potions of curing {unknown}
 j - 2 potions of lignification {unknown}
 q - a potion of cancellation {unknown}
 s - a potion of might {unknown}


   Skills:
 + Level 4.3 Fighting
 + Level 4.3 Maces & Flails
 + Level 1.0 Throwing
 + Level 2.7 Armour
 + Level 2.5 Dodging
 + Level 0.2 Stealth


You had 2 spell levels left.
You didn't know any spells.
Your spell library was empty.

Dungeon Overview and Level Annotations

Branches:
Dungeon (3/15)

Altars:
Nemelex Xobeh
Wu Jian
Zin

Annotations:
D:3 1 runed translucent door


Innate Abilities, Weirdness & Mutations

You reflexively headbutt those who attack you in melee.
You have a pair of horns on your head.


Message History

You see here a stone.
You hit the worm.
The worm is moderately wounded.
The worm bites you!
* * * LOW HITPOINT WARNING * * *
You hit the worm. Your headbutt misses the worm.
The worm is moderately wounded.
You feel sick. The worm bites you.
* * * LOW HITPOINT WARNING * * *
You completely miss the worm. Your headbutt misses the worm.
The worm is moderately wounded.
The worm closely misses you.
You hit the worm.
The worm is heavily wounded.
You feel sick. The worm bites you.
* * * LOW HITPOINT WARNING * * *
You sock the worm!
The worm is almost dead.
The worm bites you.
You die...

# .. .#
... .# .#.
##.# ..
...#
#.#?..####
#.((.....+
#..(...#
#.@#.#
#..w# #
##..# [#
#..##.####
#.........
#<....####
#..##.#
#..##.###.
#.........


You could see a worm.

Vanquished Creatures
  2 oozes
  A dart slug (D:1)
  A leopard gecko (D:2)
  A ball python (D:1)
  5 giant cockroaches
  6 goblins
  6 hobgoblins
  3 kobolds
  6 bats
  5 frilled lizards
  5 rats
41 creatures vanquished.

Notes
Turn   | Place    | Note
-------+----------+-------------------------------------------
     0 | D:1      | AmazingTV the Minotaur Berserker began the quest for the
                  | Orb.
     0 | D:1      | Reached XP level 1. HP: 19/19 MP: 0/0
   196 | D:1      | Reached XP level 2. HP: 24/27 MP: 1/1
   659 | D:1      | Reached XP level 3. HP: 33/33 MP: 2/2
   696 | D:1      | Reached ** piety under Trog
  1209 | D:2      | Found a sparkling altar of Nemelex Xobeh.
  1527 | D:2      | Found an ornate altar of the Wu Jian Council.
  1886 | D:2      | Found a glowing silver altar of Zin.
  2184 | D:3      | Reached skill level 1 in Throwing
  2189 | D:3      | Identified the +9 whip of Propriety {drain, rC+ Stlth+}
  2191 | D:3      | Found a runed translucent gate.
  2204 | D:3      | Slain by a worm

Illustrated notes

Levels and vault maps discovered:
D:1:      matt_arrival_spirals, layout_basic, hangedman_decor_clover_reticule
D:2:      layout_basic, overflow_temple_1_default, lemuel_doored_altar,
          lemuel_coloured_pillars_altar, minmay_crystal_water,
          minmay_heptomino_l4
D:3:      layout_loops_corners, nicolae_gozag_cash_rules_everything_around_me,
          gammafunk_ghost_nasty_kobolds

Skill      XL: |  1  2  3 |
---------------+----------+-----
Maces & Flails | 4 |  4.3
Fighting       | 4 |  4.3
Throwing       | 1 |  1.0
Armour         | |  2.7
Dodging        | |  2.5
Stealth        | |  0.2

Action                   || total
-------------------------++-------
Melee: Mace              ||    78
       Headbutt          ||     4
Throw: Stone             ||   110
Invok: Berserk           ||     1
       Trog's Hand       ||     1
Armor: Animal skin       ||     8
Dodge: Dodged            ||    59
